[Event "42nd Olympiad Baku 2016 Open"]
[Site "Baku"]
[Date "2016.09.02"]
[Round "1.8"]
[White "Stupak, Kirill"]
[Black "Torres Santiago, Jonathan"]
[Result "1-0"]
[ECO "A20"]
[WhiteElo "2561"]
[BlackElo "2126"]
[PlyCount "47"]
[EventDate "2016.??.??"]
[EventCountry "AZE"]
[WhiteTeam "Weißrussland"]
[BlackTeam "Puerto Rico"]
[WhiteTeamCountry "BLR"]
[BlackTeamCountry "PUR"]
[TimeControl "40/5400+30:1800+30"]
[WhiteClock "0:31:27"]
[BlackClock "0:28:35"]

1. c4 {(00:00} e5 {(02:45} 2. g3 {(00:00} Nf6 {(
00:50} 3. Bg2 {(00:00} d5 {(00:05} 4. cxd5 {(00:00} c6
{(00:06} 5. dxc6 {(05:04} Nxc6 {(00:08} 6. Nc3 {
(01:15} Bc5 {(00:11} 7. Na4 {(08:42} Qd4 {(02:
40} 8. e3 {(06:06} Qd6 {(00:51} 9. Ne2 {(02:44} Bf5 {
(20:14} 10. Nxc5 {(06:33} Qxc5 {(00:04} 11. d4 {
(00:11} Qc4 {(01:12} 12. b3 {(12:54} Qa6 {(01:
10} 13. O-O {(00:38} Bd3 {(00:22} 14. Re1 {(00:31} Nb4
{(07:48} 15. dxe5 {(02:31} Nc2 {(00:48} 16. exf6 {
(00:36} Nxe1 {(00:16} 17. Qxe1 {(02:32} Bxe2 {(
00:38} 18. fxg7 {(03:28} Rg8 {(01:05} 19. Bb2 {(09:26}
f6 {(07:51} 20. Bxb7 {(01:01} Qxb7 {(00:03} 21. Qxe2 {
(00:06} Qxg7 {(07:54} 22. Qf3 {(00:43} Kf7 {(02:
44} 23. Rc1 {(00:17} Kg6 {(13:10} 24. Rc5 {(05:15} 1-0

[Event "42nd Olympiad Baku 2016 Open"]
[Site "Baku"]
[Date "2016.09.02"]
[Round "1.23"]
[White "Subramaniam, Sumant"]
[Black "Babula, Vlastimil"]
[Result "1/2-1/2"]
[ECO "A04"]
[WhiteElo "2137"]
[BlackElo "2540"]
[PlyCount "93"]
[EventDate "2016.??.??"]
[EventCountry "AZE"]
[WhiteTeam "Malaysien"]
[BlackTeam "Tschechien"]
[WhiteTeamCountry "MAS"]
[BlackTeamCountry "CZE"]
[TimeControl "40/5400+30:1800+30"]
[WhiteClock "0:23:13"]
[BlackClock "0:27:58"]

1. Nf3 {(00:00} c5 {(00:38} 2. g3 {(00:00} b6 {(
03:01} 3. Bg2 {(00:24} Bb7 {(00:27} 4. O-O {(01:50} g6
{(02:08} 5. Nc3 {(11:47} Bg7 {(11:08} 6. Re1 {(
08:16} d5 {(10:04} 7. d4 {(01:03} Nf6 {(13:27} 8. Be3
{(16:10} Nbd7 {(04:04} 9. Ne5 Rc8 {(02:23} 10. Bh3 {
(22:14} e6 {(01:35} 11. Nb5 {(01:10} Nxe5 {(13:
37} 12. dxe5 {(00:12} Ne4 {(00:24} 13. f3 {(13:54} a6
{(00:28} 14. Na3 {(00:30} Ng5 {(07:47} 15. Bg2 {
(01:19} f6 {(00:57} 16. Bxg5 {(05:59} fxg5 {(00:
07} 17. e4 {(00:16} O-O {(04:53} 18. exd5 {(00:16}
Qxd5 {(01:03} 19. Qxd5 {(01:39} Bxd5 {(00:05} 20. Re3 {
(00:07} b5 {(01:44} 21. Rd1 {(03:11} b4 {(02:18]
} 22. c4 {(01:05} bxc3 {(07:31} 23. bxc3 {(00:08} Bxa2
{(00:36} 24. Rd6 {(01:32} Rcd8 {(03:34} 25. Rxa6 {
(01:49} Rd1+ {(00:15} 26. Kf2 {(01:06} Rd2+ {(
00:50} 27. Re2 {(02:12} Rxe2+ {(01:34} 28. Kxe2 {(00:
04} Bxe5 {(00:34} 29. c4 {(01:27} Rb8 {(01:34} 30. Bh3
{(00:47} Rb2+ {(00:58} 31. Kd3 {(00:06} Rxh2 {(
00:55} 32. Bxe6+ {(00:04} Kf8 {(02:30} 33. g4 {(00:52}
h5 {(01:19} 34. gxh5 {(00:18} gxh5 {(00:05} 35. Ke4 {
(00:09} Bd4 {(01:17} 36. Kf5 {(00:21} g4 {(01:
22} 37. fxg4 {(01:39} Rf2+ {(00:39} 38. Kg5 {(00:24}
hxg4 {(00:35} 39. Bxg4 {(00:20} Kg7 {(00:32} 40. Ra7+ {
(00:00} Rf7 {(00:00} 41. Rxf7+ {(04:15} Kxf7 {(
00:19} 42. Nb5 {(00:38} Bb2 {(01:44} 43. Bf3 {(04:56}
Ke6 {(00:35} 44. Bd5+ {(00:06} Ke5 {(00:38} 45. Nc7 {
(00:17} Bc1+ {(02:37} 46. Kg4 {(04:50} Bb1 {(00:
11} 47. Na6 {(00:35} 1/2-1/2

[Event "42nd Olympiad Baku 2016 Open"]
[Site "Baku"]
[Date "2016.09.02"]
[Round "1.26"]
[White "Sulskis, Sarunas"]
[Black "Brookfield, Toby"]
[Result "1-0"]
[ECO "B22"]
[WhiteElo "2519"]
[BlackElo "1909"]
[PlyCount "69"]
[EventDate "2016.??.??"]
[EventCountry "AZE"]
[WhiteTeam "Litauen"]
[BlackTeam "Kanalinseln"]
[WhiteTeamCountry "LTU"]
[BlackTeamCountry "GCI"]
[TimeControl "40/5400+30:1800+30"]
[WhiteClock "0:02:38"]
[BlackClock "0:01:13"]

1. e4 {(00:00} c5 {(00:00} 2. c3 {(00:04} d6 {(
00:00} 3. d4 {(00:13} Nf6 {(00:22} 4. Bd3 {(03:13}
cxd4 {(01:15} 5. cxd4 {(00:08} g6 {(00:09} 6. Nc3 {
(01:44} Bg7 {(00:23} 7. Nge2 {(01:37} O-O {(02:
55} 8. O-O {(00:11} Nc6 {(02:43} 9. f3 {(05:24} e5 {
(03:27} 10. d5 {(07:15} Nd4 {(05:05} 11. Nxd4 {(
08:15} exd4 {(04:44} 12. Ne2 {(00:38} Nd7 {(02:06} 13.
b3 {(08:46} Nc5 {(07:32} 14. Bb2 {(08:06} f5 {(
05:47} 15. exf5 {(13:13} Nxd3 {(07:03} 16. Qxd3 {(00:
20} Bxf5 {(00:23} 17. Qd2 {(01:42} d3 {(07:02} 18. Ng3
{(18:01} Bxb2 {(22:14} 19. Qxb2 {(00:20} Rc8 {(
07:11} 20. Qd4 {(02:55} Qf6 {(08:15} 21. Nxf5 {(06:22}
Qxf5 {(00:34} 22. Rad1 {(01:14} Rc2 {(02:15} 23. Rf2 {
(00:52} Rfc8 {(01:24} 24. g4 {(02:02} Qf7 {(01:
23} 25. Rxd3 {(01:05} Qe7 {(05:32} 26. Re3 {(04:19}
Qh4 {(01:33} 27. Ree2 {(00:48} Rxe2 {(01:42} 28. Rxe2 {
(00:14} Qg5 {(00:23} 29. Kg2 {(01:49} h5 {(00:
36} 30. Qe4 {(00:38} hxg4 {(00:30} 31. Qe6+ {(01:36}
Kg7 {(00:21} 32. Qxc8 {(00:27} gxf3+ {(00:12} 33. Kxf3
{(00:07} Qxd5+ {(00:22} 34. Ke3 {(00:44} Qe5+ {(
00:24} 35. Kd3 {(00:30} 1-0

[Event "42nd Olympiad Baku 2016 Open"]
[Site "Baku"]
[Date "2016.09.02"]
[Round "1.29"]
[White "Suringa Jr, Paquito"]
[Black "Gruenfeld, Yehuda"]
[Result "0-1"]
[ECO "B20"]
[WhiteElo "1712"]
[BlackElo "2451"]
[PlyCount "64"]
[EventDate "2016.??.??"]
[EventCountry "AZE"]
[WhiteTeam "PLW"]
[BlackTeam "Israel"]
[BlackTeamCountry "ISR"]
[TimeControl "40/5400+30:1800+30"]
[WhiteClock "0:59:11"]
[BlackClock "1:05:57"]

1. e4 {(00:00} c5 {(00:00} 2. Bc4 {(00:16} e6 {(
00:00} 3. Nc3 {(01:05} a6 {(00:01} 4. a4 {(00:52} Nc6
{(00:04} 5. Nf3 {(00:37} Nf6 {(00:20} 6. d3 {(
00:41} d5 {(00:22} 7. exd5 {(04:15} exd5 {(00:10} 8.
Ba2 {(01:31} Be7 {(00:31} 9. h3 {(00:53} O-O {(
00:18} 10. O-O {(00:04} b5 {(02:30} 11. Bg5 {(01:28}
Nb4 {(02:22} 12. Re1 {(03:44} Bb7 {(03:41} 13. Nh2 {
(02:03} Nxa2 {(01:41} 14. Nxa2 {(00:30} d4 {(00:
42} 15. Bxf6 {(02:28} Bxf6 {(00:09} 16. b3 {(02:41}
Qd5 {(05:02} 17. Qg4 {(00:44} Rfe8 {(02:33} 18. a5 {
(01:22} h5 {(00:38} 19. Qg3 {(02:06} Be5 {(01:
08} 20. Qf3 {(01:38} Bxh2+ {(00:56} 21. Kxh2 {(00:42}
Qxf3 {(00:10} 22. gxf3 {(00:57} Bxf3 {(03:00} 23. Kg3 {
(00:49} Bd5 {(00:10} 24. f4 {(01:48} Rad8 {(03:
14} 25. Kf2 {(02:11} f6 {(02:01} 26. Rad1 {(00:26} Kf7
{(00:37} 27. Rd2 {(01:03} Be6 {(00:43} 28. Kg3 {
(01:04} h4+ {(01:54} 29. Kh2 {(01:21} Bd5 {(01:
05} 30. Rf1 {(02:51} Re3 {(02:34} 31. c4 {(04:20} dxc3
{(01:17} 32. Nxc3 {(00:19} Bxb3 {(00:10} 0-1

[Event "42nd Olympiad Baku 2016 Open"]
[Site "Baku"]
[Date "2016.09.02"]
[Round "1.4"]
[White "Sveshnikov, Vladimir"]
[Black "Syed Ahmad, Ali"]
[Result "1-0"]
[ECO "B22"]
[WhiteElo "2404"]
[BlackElo "2343"]
[PlyCount "69"]
[EventDate "2016.??.??"]
[EventCountry "AZE"]
[WhiteTeam "Lettland"]
[BlackTeam "Pakistan"]
[WhiteTeamCountry "LAT"]
[BlackTeamCountry "PAK"]
[TimeControl "40/5400+30:1800+30"]
[WhiteClock "0:06:45"]
[BlackClock "0:01:07"]

1. e4 {(00:00} c5 {(00:00} 2. c3 {(00:00} d6 {(
00:00} 3. d4 {(00:00} cxd4 {(00:00} 4. cxd4 {(00:00}
Nf6 {(00:06} 5. Nc3 {(00:00} a6 {(00:11} 6. Nf3 {
(02:36} g6 {(00:10} 7. Bg5 {(15:08} Qa5 {(11:03]
} 8. Bd3 {(09:16} Bg7 {(01:27} 9. O-O {(08:57} O-O {
(11:56} 10. h3 {(11:07} Nbd7 {(20:36} 11. a3 {(
01:47} e5 {(03:59} 12. d5 {(05:42} b5 {(04:35} 13. b4
{(00:11} Qc7 {(00:43} 14. Qb3 {(09:04} Nb6 {(06:
42} 15. Rfc1 {(00:51} Qb8 {(02:33} 16. a4 {(01:54}
Nxa4 {(00:20} 17. Nxa4 {(00:13} bxa4 {(00:03} 18. Rxa4
{(03:29} Bd7 {(05:17} 19. Ra5 {(03:17} Ra7 {(15:
19} 20. Bd2 {(05:23} Bb5 {(06:59} 21. Bxb5 {(00:09}
axb5 {(00:02} 22. Qd3 {(00:04} Rb7 {(05:35} 23. Rc6 {
(01:52} Rc8 {(00:26} 24. Raa6 {(05:42} Bf8 {(01:
20} 25. Be3 {(01:02} Kg7 {(01:56} 26. Nd2 {(00:22}
Rbc7 {(01:01} 27. Nb3 {(04:29} Ne8 {(00:40} 28. Na5 {
(00:32} Rxc6 {(00:15} 29. Nxc6 {(00:15} Rxc6 {(
00:42} 30. dxc6 {(01:30} Nc7 {(00:07} 31. Rb6 {(01:44}
Qa8 {(00:32} 32. Rb7 {(00:13} Ne6 {(00:45} 33. Qxb5 {
(03:03} Qa1+ {(00:20} 34. Kh2 {(00:44} Qc3 {(00:
13} 35. Qd5 {(00:09} 1-0

[Event "42nd Olympiad Baku 2016 Open"]
[Site "Baku"]
[Date "2016.09.02"]
[Round "1.30"]
[White "Svetushkin, Dmitry"]
[Black "Kavinda, Akila"]
[Result "1-0"]
[ECO "B06"]
[WhiteElo "2543"]
[BlackElo "2020"]
[PlyCount "99"]
[EventDate "2016.??.??"]
[EventCountry "AZE"]
[WhiteTeam "Moldowa"]
[BlackTeam "Sri Lanka"]
[WhiteTeamCountry "MDA"]
[BlackTeamCountry "SRI"]
[TimeControl "40/5400+30:1800+30"]
[WhiteClock "0:53:23"]
[BlackClock "0:07:13"]

1. d4 {(00:06} d6 {(00:00} 2. e4 {(00:09} g6 {(
00:00} 3. Nf3 {(01:44} Bg7 {(00:00} 4. c3 {(00:35} Nf6
{(02:05} 5. Bd3 {(00:10} O-O {(00:14} 6. O-O {(
00:08} Nc6 {(00:32} 7. h3 {(01:45} e5 {(01:52} 8. Na3
{(00:11} Nh5 {(27:54} 9. Nc2 {(00:17} Nf4 {(01:
02} 10. Bxf4 {(00:40} exf4 {(01:57} 11. b4 {(00:46} f5
{(07:39} 12. exf5 {(02:50} Bxf5 {(00:21} 13. Bxf5 {
(00:25} Rxf5 {(01:22} 14. Re1 {(00:27} Qd7 {(15:
40} 15. Qd3 {(02:06} Qf7 {(05:52} 16. Re2 {(01:35} Re8
{(02:35} 17. Rxe8+ {(05:59} Qxe8 {(00:04} 18. Re1 {
(00:15} Qf7 {(00:23} 19. c4 {(00:22} a5 {(10:33]
} 20. b5 {(02:15} Nb8 {(02:58} 21. h4 {(10:40} h6 {
(02:03} 22. Re4 {(07:56} Nd7 {(01:28} 23. Qe2 {(
01:35} Kf8 {(01:51} 24. Qe1 {(06:46} b6 {(03:18} 25.
Re6 {(04:26} Ne5 {(01:40} 26. d5 {(05:01} Nxf3+ {
(03:27} 27. gxf3 {(00:07} Re5 {(01:35} 28. Qd2 {
(02:22} Rxe6 {(04:00} 29. dxe6 {(00:05} Qxe6 {(
00:43} 30. Qxf4+ {(00:23} Ke7 {(01:09} 31. Ne3 {(00:51]
} h5 {(00:36} 32. Kg2 {(01:53} Kd7 {(00:27} 33. Nd5 {
(02:46} Be5 {(00:32} 34. Qf8 {(06:27} Bd4 {(00:
31} 35. Qb8 {(02:02} Qe2 {(00:32} 36. Qxc7+ {(00:09}
Ke8 {(00:06} 37. Qc8+ {(00:08} Kf7 {(00:07} 38. Qd7+ {
(00:20} Kg8 {(00:19} 39. Ne7+ {(06:02} Kf8 {(00:
29} 40. Nxg6+ {(00:00} Kg8 {(00:00} 41. Qd8+ {(03:57}
Kf7 {(04:25} 42. Nh8+ {(02:46} Bxh8 {(06:35} 43. Qxh8 {
(00:10} Qxc4 {(07:27} 44. Qxh5+ {(00:21} Ke7 {(
07:16} 45. Qg5+ {(00:24} Ke8 {(00:10} 46. Qg6+ {(00:16]
} Ke7 {(02:38} 47. Qe4+ {(00:10} Qe6 {(00:10} 48. Qxe6+
{(00:27} Kxe6 {(00:04} 49. h5 {(00:10} d5 {(00:
36} 50. Kf1 {(00:12} 1-0

[Event "42nd Olympiad Baku 2016 Open"]
[Site "Baku"]
[Date "2016.09.02"]
[Round "1.24"]
[White "Swiercz, Dariusz"]
[Black "Abdulwahhab, Ahmed Abdulsattar A"]
[Result "1-0"]
[ECO "B41"]
[WhiteElo "2639"]
[BlackElo "2236"]
[PlyCount "73"]
[EventDate "2016.??.??"]
[EventCountry "AZE"]
[WhiteTeam "Polen"]
[BlackTeam "Irak"]
[WhiteTeamCountry "POL"]
[BlackTeamCountry "IRQ"]
[TimeControl "40/5400+30:1800+30"]
[WhiteClock "0:01:53"]
[BlackClock "0:09:30"]

1. e4 {(00:00} c5 {(00:00} 2. Nf3 {(00:00} e6 {(
00:04} 3. d4 {(00:00} cxd4 {(00:08} 4. Nxd4 {(00:00}
a6 {(00:15} 5. c4 {(00:14} Nf6 {(00:35} 6. Nc3 {
(00:07} Bb4 {(01:58} 7. Qd3 {(00:13} Nc6 {(01:
02} 8. Nxc6 {(00:17} dxc6 {(00:16} 9. Qxd8+ {(00:13}
Kxd8 {(00:07} 10. e5 {(00:05} Nd7 {(05:30} 11. Bf4 {
(02:22} Kc7 {(08:54} 12. h4 {(01:59} Bxc3+ {(00:
28} 13. bxc3 {(00:06} b6 {(07:05} 14. Rh3 {(07:55} Bb7
{(00:47} 15. Rg3 {(01:47} Rag8 {(03:26} 16. O-O-O {
(02:35} c5 {(00:59} 17. h5 {(19:35} h6 {(12:10}
18. Bd3 {(19:00} Bc6 {(08:02} 19. Rh1 {(01:55} Nf8 {
(11:52} 20. Be3 {(05:20} Nd7 {(07:44} 21. Rh4 {(
07:39} Kd8 {(13:19} 22. Bf4 {(02:49} Ke7 {(00:11} 23.
Rhg4 {(00:17} Kf8 {(01:10} 24. Bc2 {(01:20} b5 {
(00:38} 25. Rd3 {(07:03} Ke7 {(00:17} 26. Rd6 {(
02:47} Bb7 {(00:11} 27. Bg3 {(04:38} f6 {(01:07} 28.
f4 {(02:33} Bxg2 {(00:27} 29. f5 {(00:11} Bf3 {(
02:47} 30. Rxe6+ {(01:35} Kf7 {(00:08} 31. Rf4 {(02:18]
} Bb7 {(00:54} 32. Rf2 {(05:50} fxe5 {(00:24} 33. Bb3 {
(02:19} Rc8 {(00:46} 34. Rd2 {(00:45} Nb8 {(03:
23} 35. Bxe5 {(00:18} Be4 {(01:19} 36. Bxb8 {(00:28}
Bxf5 {(00:07} 37. Re5 {(00:04} 1-0

[Event "42nd Olympiad Baku 2016 Open"]
[Site "Baku"]
[Date "2016.09.02"]
[Round "1.6"]
[White "Tagelsir, Abubaker"]
[Black "Nikolov, Momchil"]
[Result "1-0"]
[ECO "B40"]
[WhiteElo "2216"]
[BlackElo "2585"]
[PlyCount "71"]
[EventDate "2016.??.??"]
[EventCountry "AZE"]
[WhiteTeam "Sudan"]
[BlackTeam "Bulgarien"]
[WhiteTeamCountry "SUD"]
[BlackTeamCountry "BUL"]
[TimeControl "40/5400+30:1800+30"]
[WhiteClock "0:48:10"]
[BlackClock "0:01:00"]

1. e4 {(00:00} c5 {(00:00} 2. Nf3 {(00:00} e6 {(
00:07} 3. d3 {(00:00} Nc6 {(00:29} 4. g3 {(00:21} g6 {
(01:01} 5. Bg2 {(00:36} Bg7 {(00:15} 6. O-O {(
00:04} Nge7 {(01:03} 7. c3 {(02:30} O-O {(05:12} 8.
Be3 {(01:01} b6 {(01:32} 9. d4 {(01:34} cxd4 {(
06:06} 10. Nxd4 {(00:46} Ba6 {(07:40} 11. Re1 {(00:18}
Ne5 {(06:43} 12. Na3 {(01:55} Nd3 {(18:38} 13. Re2 {
(06:22} Nc5 {(02:49} 14. Rd2 {(01:44} d5 {(02:
18} 15. Bg5 {(07:37} f6 {(08:04} 16. Be3 {(06:26} Qc8
{(01:29} 17. Nxe6 {(08:35} Qxe6 {(07:47} 18. exd5 {
(00:18} Qd6 {(02:08} 19. Bf4 {(01:28} Qd7 {(00:
15} 20. b4 {(01:30} Nd3 {(06:08} 21. Rxd3 {(01:30}
Bxd3 {(00:04} 22. Qxd3 {(00:06} Rac8 {(02:59} 23. Nb5 {
(05:15} Nf5 {(01:49} 24. Bh3 {(01:15} Rcd8 {(07:
07} 25. Nd6 {(00:58} Kh8 {(01:42} 26. Nxf5 {(00:16}
gxf5 {(00:21} 27. d6 {(00:40} b5 {(04:04} 28. Bxf5 {
(01:16} Qc6 {(00:10} 29. Qd1 {(00:17} Qe8 {(02:
36} 30. Qg4 {(00:34} Qf7 {(01:55} 31. Qh3 {(00:38} h6
{(01:32} 32. d7 {(00:11} Rb8 {(01:12} 33. Re1 {(
00:33} Rb6 {(00:36} 34. Bxh6 {(02:51} Bxh6 {(00:35}
35. Qxh6+ {(00:06} Kg8 {(00:04} 36. Re4 {(00:19} 1-0

[Event "42nd Olympiad Baku 2016 Open"]
[Site "Baku"]
[Date "2016.09.02"]
[Round "1.22"]
[White "Taher, Yoseph Theolifus"]
[Black "Mongiello, Anthony"]
[Result "1-0"]
[ECO "C44"]
[WhiteElo "2321"]
[BlackElo "1576"]
[PlyCount "109"]
[EventDate "2016.??.??"]
[EventCountry "AZE"]
[WhiteTeam "Indonesien"]
[BlackTeam "Amerikanische Jungferninseln"]
[WhiteTeamCountry "INA"]
[BlackTeamCountry "ISV"]
[TimeControl "40/5400+30:1800+30"]
[WhiteClock "2:02:26"]
[BlackClock "0:02:12"]

1. e4 {(00:00} e5 {(00:00} 2. Nf3 {(00:00} Nc6 {
(00:24} 3. d4 {(00:09} exd4 {(01:52} 4. Bc4 {(
00:43} h6 {(05:46} 5. Nxd4 {(00:27} Nxd4 {(16:26} 6.
Qxd4 {(00:07} d6 {(01:21} 7. Nc3 {(02:05} Qf6 {(
04:01} 8. Qd3 {(00:37} Be6 {(05:55} 9. Bxe6 {(00:41}
Qxe6 {(09:11} 10. Qb5+ {(00:03} c6 {(01:45} 11. Qxb7 {
(00:04} Qc8 {(00:13} 12. Qxc8+ {(00:04} Rxc8 {(
00:15} 13. Be3 {(00:05} Rc7 {(03:22} 14. O-O-O {(00:36]
} Nf6 {(01:30} 15. f3 {(00:25} Be7 {(06:34} 16. Bd4 {
(01:25} O-O {(03:51} 17. Bxf6 {(01:13} Bxf6 {(
04:01} 18. Rxd6 {(01:06} Rb8 {(05:20} 19. Rd3 {(04:09}
Kf8 {(03:01} 20. Rhd1 {(01:11} Ke7 {(00:28} 21. f4 {
(00:34} Bxc3 {(02:11} 22. Rxc3 {(00:02} Rb4 {(
01:18} 23. Re3 {(00:13} c5 {(04:11} 24. a3 {(00:24}
Rb6 {(00:17} 25. Rd5 {(00:23} c4 {(01:41} 26. Rc3 {
(01:17} Rcb7 {(02:10} 27. Rxc4 {(00:14} Rxb2 {(
01:27} 28. Rc7+ {(00:44} Rxc7 {(01:33} 29. Kxb2 {(00:
04} Rc6 {(02:46} 30. Kb3 {(00:29} Rb6+ {(01:26} 31.
Kc3 {(00:04} Rc6+ {(00:48} 32. Kd3 {(00:05} Ra6 {
(00:39} 33. Rb5 {(00:36} Rxa3+ {(01:43} 34. Kd4 {
(00:03} Ra6 {(03:03} 35. c4 {(01:19} Ra2 {(01:
22} 36. Rb7+ {(00:05} Ke6 {(02:02} 37. f5+ {(00:33}
Kf6 {(00:41} 38. e5+ {(00:12} Kxf5 {(01:20} 39. Rxf7+ {
(00:03} Kg6 {(00:40} 40. Rf3 {(00:00} a5 {(00:
00} 41. e6 {(00:49} Rxg2 {(12:57} 42. Re3 {(00:15}
Rd2+ {(05:41} 43. Kc5 {(00:05} Rd8 {(01:37} 44. e7 {
(00:02} Re8 {(00:31} 45. Kd6 {(00:03} Kf5 {(10:
54} 46. Kd7 {(00:06} Rxe7+ {(01:55} 47. Rxe7 {(00:02}
Kf6 {(00:45} 48. c5 {(00:04} a4 {(00:14} 49. Re2 {
(00:05} g5 {(00:23} 50. c6 {(00:04} a3 {(00:12}
51. c7 {(00:04} a2 {(00:08} 52. Rxa2 {(00:03} g4 {
(00:47} 53. c8=Q {(00:09} g3 {(00:33} 54. Qc5 {(
00:09} h5 {(01:37} 55. Ra6+ 1-0

[Event "42nd Olympiad Baku 2016 Open"]
[Site "Baku"]
[Date "2016.09.02"]
[Round "1.6"]
[White "Tamra, Attallah"]
[Black "Kreisl, Robert"]
[Result "0-1"]
[ECO "A06"]
[WhiteElo "2087"]
[BlackElo "2448"]
[PlyCount "102"]
[EventDate "2016.??.??"]
[EventCountry "AZE"]
[WhiteTeam "Palästina"]
[BlackTeam "Österreich"]
[WhiteTeamCountry "PLE"]
[BlackTeamCountry "AUT"]
[TimeControl "40/5400+30:1800+30"]
[WhiteClock "0:14:52"]
[BlackClock "0:16:51"]

1. Nf3 {(00:00} d5 {(00:00} 2. g3 {(00:07} g6 {(
00:38} 3. c4 {(01:43} dxc4 {(04:31} 4. Qa4+ {(02:14}
Nc6 {(01:06} 5. Bg2 {(02:42} Bg7 {(00:35} 6. Qxc4 {
(00:29} e5 {(00:33} 7. d3 {(02:30} Nge7 {(01:02]
} 8. Nc3 {(00:52} O-O {(09:27} 9. Bd2 {(12:48} Be6 {
(05:43} 10. Qa4 {(00:11} Nd4 {(06:36} 11. O-O {(
02:54} Nxf3+ {(12:07} 12. Bxf3 {(00:51} c6 {(00:09}
13. Rfd1 {(05:35} Nf5 {(00:58} 14. Bg2 {(01:42} Nd4 {
(03:59} 15. Re1 {(07:07} Re8 {(09:29} 16. Ne4 {(
07:29} Bd5 {(01:13} 17. Rac1 {(10:19} Ne6 {(05:58} 18.
Be3 {(06:56} f5 {(18:30} 19. Nc5 {(03:32} Bxg2 {
(00:15} 20. Kxg2 {(03:15} Qd5+ {(00:14} 21. Kg1 {
(01:16} f4 {(02:33} 22. Nxe6 {(03:01} Rxe6 {(01:
56} 23. Bd2 {(02:14} fxg3 {(00:50} 24. hxg3 {(00:16}
e4 {(00:33} 25. Qc4 {(00:53} Rd8 {(04:44} 26. Be3 {
(09:08} exd3 {(04:25} 27. exd3 {(00:53} Rde8 {(
03:37} 28. Qxd5 {(03:45} cxd5 {(00:02} 29. Red1 {(06:
01} Bxb2 {(01:25} 30. Rb1 {(01:11} d4 {(00:21} 31.
Rxb2 {(00:59} dxe3 {(00:04} 32. fxe3 {(01:05} Rxe3 {
(00:48} 33. Rxb7 {(01:55} Rxg3+ {(00:36} 34. Kf2 {
(00:06} Ree3 {(01:31} 35. Rc1 {(00:50} Rgf3+ {(
00:06} 36. Kg2 {(00:09} Rf7 {(00:27} 37. Rxf7 {(00:52}
Kxf7 {(00:02} 38. Kf2 {(00:33} Rxd3 {(01:13} 39. Rc7+ {
(00:11} Kf6 {(00:10} 40. Rxa7 {(00:00} h5 {(00:
00} 41. Ra5 {(02:45} h4 {(05:24} 42. Kg2 {(01:30} g5 {
(00:33} 43. Kh2 {(01:38} Kg6 {(02:50} 44. Kg2 {(
04:29} Kh5 {(01:18} 45. Ra4 {(01:31} h3+ {(05:14} 46.
Kh2 {(00:35} g4 {(00:11} 47. Ra8 {(03:48} Rd2+ {
(00:15} 48. Kg3 {(02:13} Rg2+ {(00:51} 49. Kf4 {
(00:03} h2 {(01:02} 50. a4 {(01:34} Rf2+ 51. Ke3 {
(01:58} Rf6 {(02:35} 0-1

[Event "42nd Olympiad Baku 2016 Open"]
[Site "Baku"]
[Date "2016.09.02"]
[Round "1.13"]
[White "Tapia, Alexei"]
[Black "Papaioannou, Ioannis"]
[Result "0-1"]
[ECO "A05"]
[WhiteElo "2183"]
[BlackElo "2631"]
[PlyCount "110"]
[EventDate "2016.??.??"]
[EventCountry "AZE"]
[WhiteTeam "Panama"]
[BlackTeam "Griechenland"]
[WhiteTeamCountry "PAN"]
[BlackTeamCountry "GRE"]
[TimeControl "40/5400+30:1800+30"]
[WhiteClock "0:01:13"]
[BlackClock "0:29:12"]

1. Nf3 {(00:00} Nf6 {(00:00} 2. g3 {(00:00} d5 {
(00:00} 3. Bg2 {(00:28} c6 {(00:09} 4. c4 {(00:
58} Bf5 {(00:37} 5. O-O {(01:43} e6 {(01:28} 6. d3 {
(02:10} Nbd7 {(01:49} 7. Nbd2 {(03:30} Be7 {(01:
18} 8. Re1 {(05:37} Bg4 {(03:13} 9. Rb1 {(14:07} a5 {
(05:58} 10. b3 {(05:06} O-O {(01:18} 11. Bb2 {(
03:09} Re8 {(03:50} 12. Qc2 {(08:07} Bf8 {(10:16} 13.
e4 dxe4 {(01:48} 14. Nxe4 {(04:13} Nxe4 {(00:32} 15.
dxe4 {(02:42} e5 {(02:12} 16. h3 {(26:52} Bh5 {(
04:14} 17. a3 {(03:25} f6 {(08:31} 18. Red1 {(02:42}
Qc7 {(01:38} 19. Rd2 {(00:40} Bc5 {(09:00} 20. Ne1 {
(01:47} Be7 {(06:39} 21. Nd3 {(02:12} Red8 {(02:
12} 22. b4 {(02:22} axb4 {(01:31} 23. axb4 {(00:07}
Nf8 {(00:32} 24. Bc3 {(01:59} Ne6 {(00:57} 25. c5 {
(03:12} Nd4 {(00:58} 26. Bxd4 {(01:11} Rxd4 {(
00:06} 27. g4 {(01:54} Bf7 {(02:02} 28. Nc1 {(01:33}
Rxd2 {(01:51} 29. Qxd2 {(00:03} b6 {(01:57} 30. Nd3 {
(01:03} bxc5 {(02:17} 31. bxc5 {(00:24} g6 {(01:
20} 32. Qb4 {(00:42} Bf8 {(01:04} 33. Bf1 {(00:32} Qd7
{(02:21} 34. Nb2 {(01:00} Qa7 {(01:24} 35. Nd3 {
(00:35} Rd8 {(00:51} 36. Qb6 {(00:34} Qa8 {(00:
52} 37. Qc7 {(00:34} Qc8 {(01:45} 38. Qxc8 {(00:41}
Rxc8 {(00:02} 39. Kg2 {(00:51} Rd8 {(01:50} 40. Rc1 {
(00:00} Rd4 {(00:00} 41. f3 {(13:23} Bc4 {(07:
32} 42. Rc3 {(01:38} Be6 {(00:50} 43. Ra3 {(01:27} h5
{(01:24} 44. Kf2 {(02:37} h4 {(00:41} 45. Rc3 {(
06:29} Ra4 {(03:36} 46. f4 {(01:48} exf4 {(01:12} 47.
Nxf4 {(00:21} Bf7 {(00:07} 48. Kf3 {(02:38} Ra1 {
(02:41} 49. Be2 {(00:57} g5 {(01:54} 50. Nd3 {(
00:30} Rg1 {(01:03} 51. Kf2 {(01:31} Ra1 {(05:08} 52.
Nb4 {(01:01} Be8 {(00:26} 53. Bc4+ {(01:12} Kg7 {
(00:08} 54. Be6 {(00:14} Ra4 {(01:02} 55. Rc4 {(
01:46} Rxb4 {(00:12} 0-1